 Dungeon Crawl Stone Soup version 0.23.2-1-ga50397a (webtiles) character file.

Game seed: 15066364792169065159

70 IBeShadow the Cudgeler (level 4, -4/36 HPs)
             Began as a Demonspawn Chaos Knight on May 20, 2019.
             Was a Plaything of Xom.
             Killed by nerve-wracking pain
             ... invoked by an orc priest
              (10 damage)
             ... on level 2 of the Dungeon.
             The game lasted 00:02:19 (1393 turns).

IBeShadow the Cudgeler (Demonspawn Chaos Knight)    Turns: 1393, Time: 00:02:19

Health: -4/36      AC: 10    Str: 18    XL:     4   Next: 3%
Magic:  4/4        EV: 11    Int: 14    God:    Xom [..*...]
Gold:   110        SH:  0    Dex: 12    Spells: 3/3 levels left

rFire    + . .     SeeInvis .   a - +0 mace (chaos)
rCold    + . .     Gourm    .   (no shield)
rNeg     . . .     Faith    .   b - +2 leather armour
rPois    +         Spirit   .   e - +1 helmet
rElec    +         Reflect  .   (no cloak)
rCorr    +         Harm     .   (no gloves)
MR       .....                  (no boots)
Stlth    +.........             (no amulet)
HPRegen  0.12/turn              (no ring)
MPRegen  0.09/turn              (no ring)

@: mighty, resistant
A: slimy green scales 2, powered by pain 1
a: Renounce Religion


You were on level 2 of the Dungeon.
You worshipped Xom.
You were a toy of Xom.
You were not hungry.

You visited 1 branch of the dungeon, and saw 2 of its levels.

You collected 110 gold pieces.

Inventory:

Hand Weapons
 a - a +0 mace of chaos (weapon)
Armour
 b - a +2 leather armour (worn)
 e - a +1 helmet (worn)
 f - a +0 scale mail
 j - a +0 shield
Scrolls
 d - 4 scrolls of identify {unknown}
Comestibles
 c - 7 rations


   Skills:
 + Level 3.6 Fighting
 + Level 3.6 Maces & Flails
 + Level 2.3 Armour
 + Level 1.0 Dodging


You had 3 spell levels left.
You didn't know any spells.
Your spell library was empty.

Dungeon Overview and Level Annotations

Branches:
Dungeon (2/15)

Altars:


Innate Abilities, Weirdness & Mutations

You are mostly covered in slimy green scales. (AC +3)
You sometimes gain a little power by taking damage.


Message History

The tomahawk of returning misses you.
The weapon returns to the orc!
You aren't carrying any potions.
Unknown command.
As you read the scroll labeled FOUREABURCH, it crumbles to dust.
It is a scroll of amnesia.
You feel forgetful for a moment. The orc barely misses you.
The orc priest closely misses you.
The orc throws a tomahawk of returning.
The tomahawk of returning closely misses you.
The weapon returns to the orc!
Xom almost notices you.
Your feet glow momentarily.
You are now a plaything of Xom. "Get over here!"
The orc blinks!
You are now a toy of Xom.
You closely miss the orc. The orc misses you.
The orc priest invokes the aid of Beogh against you.
Pain shoots through your body!
You die...
Xom howls with laughter!

.................#
.................#
#.......S........#
#.........†......#
#................#
...((............# ###
........##.....or###...#
...............oo......#
.............###@..#.###
>##..######......###
##.## #......##
#..#######........ J
#..#..............# g
#.##...............
...................
.########........#..
.#######..#........


You could see an orc priest (inner flame), 2 orcs and a rat (inner flame).

Vanquished Creatures
  2 adders (D:2)
  A gnoll (D:1)
  A worm (D:2)
  A dart slug (D:2)
  2 leopard geckos (D:1)
  An orc (D:2)
  2 ball pythons (D:1)
  4 bats
  2 giant cockroaches (D:1)
  4 goblins (D:1)
  5 hobgoblins
  2 frilled lizards
  A kobold (D:1)
  5 rats
33 creatures vanquished.

Vanquished Creatures (others)
  A worm (D:2)
1 creature vanquished.

Grand Total: 34 creatures vanquished

Notes
Turn   | Place    | Note
-------+----------+-------------------------------------------
     0 | D:1      | IBeShadow the Demonspawn Chaos Knight began the quest for
                  | the Orb.
     0 | D:1      | Reached XP level 1. HP: 18/18 MP: 1/1
   224 | D:1      | XOM: silly message
   276 | D:1      | Gained mutation: You sometimes gain a little power by
                  | taking damage. [demonic ancestry]
   276 | D:1      | Reached XP level 2. HP: 24/24 MP: 2/2
   343 | D:1      | Reached skill level 1 in Dodging
   531 | D:1      | XOM: harmless Summ miscast
   574 | D:1      | Gained mutation: You are partially covered in slimy green
                  | scales. (AC +2) [demonic ancestry]
   574 | D:1      | Reached XP level 3. HP: 29/29 MP: 3/3
  1184 | D:2      | XOM: divination: detect creatures
  1339 | D:2      | Gained mutation: You are mostly covered in slimy green
                  | scales. (AC +3) [demonic ancestry]
  1339 | D:2      | Reached XP level 4. HP: 27/36 MP: 4/4
  1369 | D:2      | XOM: butterfly on damage
  1374 | D:2      | XOM: confuse monster(s)
  1380 | D:2      | XOM: enchant monster (good)
  1387 | D:2      | XOM: harmless Chrm miscast
  1392 | D:2      | XOM: blink monster(s)
  1393 | D:2      | Killed from afar by an orc priest

Skill      XL: |  1  2  3 |
---------------+----------+-----
Maces & Flails | 3 |  3.6
Dodging        | 1 |  1.0
Armour         | 2 |  2.3
Fighting       | |  3.6

Action                   |  1- 3 |  4- 6 || total
-------------------------+-------+-------++-------
Melee: Mace              |    92 |     6 ||    98
  Use: Potion            |       |     3 ||     3
       Scroll            |       |     2 ||     2
  Eat: Chunk             |     1 |     1 ||     2
Armor: Leather armour    |    39 |     8 ||    47
Dodge: Dodged            |    63 |    11 ||    74
